 Dungeon Sprint DCSS version 0.30-a0-389-g8d7d949f56 (webtiles) character file.

Game seed: 17828291698976745397

4328 rocky1 the Ogreish Aeon (level 10, -3/118 HPs)
             Began as an Ogre Monk on Dec 4, 2022.
             Was the Champion of Cheibriados.
             Slain by a five-headed hydra (7 damage)
             ... in the Dungeon (Sprint VII: "The Pits").
             The game lasted 00:05:00 (1903 turns).

rocky1 the Ogreish Aeon (Ogre Monk)                 Turns: 1903, Time: 00:05:00

Health: -3/118     AC:  3    Str: 36    XL:     10   Next: 33%
Magic:  10/20      EV: 16    Int: 26    God:    Cheibriados [******]
Gold:   0          SH:  0    Dex: 26    Spells: 9/9 levels left

rFire   . . .      SeeInvis .    p - +5 morningstar
rCold   . . .      Faith    .    (no shield)
rNeg    . . .      Spirit   .    b - +0 robe
rPois   .          Reflect  .    (helmet restricted)
rElec   .          Harm     .    (no cloak)
rCorr   .          Rampage  .    (gloves unavailable)
Will    +....      NoTele   +    (boots unavailable)
Stlth   ++++......               (no amulet)
HPRegen 0.39/turn                (no ring)
MPRegen 0.17/turn                (no ring)

@: very slow
A: large, unfitting armour, tough skin 1
a: Renounce Religion, Bend Time, Temporal Distortion, Slouch, Step From Time


You were in the Dungeon.
You worshipped Cheibriados.
Cheibriados was exalted by your worship.
You visited 1 branch

Inventory:

Hand Weapons
 a - a +0 mace
 j - a +2 mace
 n - a +2 vorpal mace
 o - a +0 great mace
 p - a +5 morningstar (weapon)
 q - a +0 giant spiked club
Armour
 b - a +0 robe (worn)
Scrolls
 i - a scroll of blinking
 l - 5 scrolls of amnesia
 m - a scroll of summoning
Potions
 c - a potion of ambrosia
 d - 6 potions of curing
 e - 4 potions of heal wounds
 f - a potion of haste
 g - 3 potions of magic
 k - 2 potions of invisibility


   Skills:
 + Level 12.6 Fighting
 + Level 13.4 Maces & Flails
 + Level 7.7 Dodging
 + Level 6.5 Stealth
 * Level 14.1 Invocations


You had 9 spell levels left.
You didn't know any spells.
Your spell library was empty.

Dungeon Overview and Level Annotations

Branches:
Dungeon (1/1)

Altars:
Ashenzari
Cheibriados
Dithmenos
Elyvilon
Fedhas
Gozag
Hepliaklqana
Kikubaaqudgha
Makhleb
Nemelex Xobeh
Okawaru
Qazlal
Ru
Sif Muna
Trog
Uskayaw
Vehumet
Wu Jian
Xom
Yredelemnul
Zin
The Shining One
Jiyva
Lugonu


Innate Abilities, Weirdness & Mutations

You are too large for most types of armour.
You have tough skin. (AC +1)


Message History

The five-headed hydra barely misses you.
The five-headed hydra bites you! The five-headed hydra bites you. x2
The five-headed hydra barely misses you.
The five-headed hydra bites you! The five-headed hydra misses you.
The five-headed hydra closely misses you.
The five-headed hydra bites you! The five-headed hydra bites you.
There is an open door, spattered with blood here.
Unknown command.
Activating: Slouch (0% risk of failure)
Press: ? - help, Dir - look around, f - activate You can feel time thicken for a moment.
The five-headed hydra closely misses you.
The five-headed hydra bites you.
The five-headed hydra completely misses you.
The five-headed hydra bites you! x2
You sock the five-headed hydra!
The five-headed hydra is heavily wounded.
The five-headed hydra misses you.
The five-headed hydra bites you but does no damage.
The five-headed hydra bites you!
* * * LOW HITPOINT WARNING * * *
The five-headed hydra barely misses you.
The five-headed hydra bites you.
* * * LOW HITPOINT WARNING * * *
Activating: Slouch (0% risk of failure)
Press: ? - help, Dir - look around, f - activate
Okay, then.
You feel much better. The five-headed hydra bites you!
The five-headed hydra barely misses you.
The five-headed hydra bites you!
* * * LOW HITPOINT WARNING * * *
The five-headed hydra completely misses you.
The five-headed hydra bites you!
* * * LOW HITPOINT WARNING * * *
Activating: Slouch (0% risk of failure)
Press: ? - help, Dir - look around, f - activate You can feel time thicken for a moment.
The five-headed hydra bites you!
* * * LOW HITPOINT WARNING * * *
The five-headed hydra bites you!
You die...

#.#........##.......##..##
#.#........##.......##..#.
#)###########.......##..#.
#..).)..# ##########..'.
#.)###..# #).#. #.......#
#)[#. ##.###.##+# #..##
#.......#D+ #.))#
#..###..#@# #...[
#......)'.# #....
########### #####


You could see a five-headed hydra.

Vanquished Creatures
  A two-headed ogre (D)
  A death knight (D)
  A sun demon (D)
  A deep troll (D)
  An orc knight (D)
  A hornet (D)
  A spriggan (D)
  A ynoxinul (D)
  A steam dragon (D)
  2 small abominations (D)
  2 water moccasins (D)
  A floating eye (D)
  An orc warrior (D)
  Blork the orc (D)
  4 wights (D)
  A jelly (D)
  2 orc priests (D)
  An orc wizard (D)
  An adder (D)
  2 river rats (D)
  An ufetubus (D)
  5 orcs (D)
  An endoplasm (D)
  2 goblins (D)
  2 jackals (D)
  2 quokkas (D)
  A frilled lizard (D)
  A rat (D)
42 creatures vanquished.

Notes
Turn   | Place    | Note
-------+----------+-------------------------------------------
     0 | D        | rocky1 the Ogre Monk began the quest for the Orb.
     0 | D        | Reached XP level 1. HP: 24/24 MP: 1/1
    26 | D        | Reached skill level 5 in Fighting
    26 | D        | Reached XP level 2. HP: 15/35 MP: 2/2
   128 | D        | Found a bloodstained altar of Trog.
   128 | D        | Found a shimmering blue altar of Sif Muna.
   128 | D        | Found a viscous altar of Jiyva.
   128 | D        | Found a hazy altar of Hepliaklqana.
   128 | D        | Found an opulent altar of Gozag.
   129 | D        | Found a glowing golden altar of the Shining One.
   129 | D        | Found a glowing silver altar of Zin.
   129 | D        | Found a basalt altar of Yredelemnul.
   129 | D        | Found a shimmering altar of Xom.
   129 | D        | Found an ornate altar of the Wu Jian Council.
   129 | D        | Found a sacrificial altar of Ru.
   129 | D        | Found a stormy altar of Qazlal.
   129 | D        | Found an iron altar of Okawaru.
   129 | D        | Found a sparkling altar of Nemelex Xobeh.
   129 | D        | Found a burning altar of Makhleb.
   129 | D        | Found a blossoming altar of Fedhas.
   129 | D        | Found a white marble altar of Elyvilon.
   129 | D        | Found a shadowy altar of Dithmenos.
   129 | D        | Found a snail-covered altar of Cheibriados.
   133 | D        | Found a corrupted altar of Lugonu.
   133 | D        | Found a radiant altar of Vehumet.
   134 | D        | Found a broken altar of Ashenzari.
   134 | D        | Found an ancient bone altar of Kikubaaqudgha.
   134 | D        | Found a hide-covered altar of Uskayaw.
   142 | D        | Became a worshipper of Cheibriados the Contemplative
   142 | D        | Reached * piety under Cheibriados
   142 | D        | Reached ** piety under Cheibriados
   169 | D        | Reached *** piety under Cheibriados
   179 | D        | Reached XP level 3. HP: 38/44 MP: 3/3
   179 | D        | Reached **** piety under Cheibriados
   184 | D        | Reached ***** piety under Cheibriados
   276 | D        | Noticed Blork the orc
   282 | D        | Reached skill level 1 in Invocations
   282 | D        | Reached XP level 4. HP: 50/53 MP: 3/5
   288 | D        | Reached skill level 5 in Maces & Flails
   288 | D        | Reached skill level 2 in Invocations
   293 | D        | Reached ****** piety under Cheibriados
   294 | D        | Reached skill level 3 in Invocations
   294 | D        | Reached XP level 5. HP: 58/62 MP: 4/7
   299 | D        | Killed Blork the orc
   300 | D        | Reached skill level 5 in Dodging
   300 | D        | Reached skill level 4 in Invocations
   618 | D        | Reached XP level 6. HP: 48/72 MP: 9/9
   747 | D        | Noticed a five-headed hydra
   795 | D        | Noticed a water moccasin
   795 | D        | Noticed a steam dragon
   798 | D        | Killed a water moccasin
   799 | D        | Reached skill level 5 in Invocations
   801 | D        | Killed a steam dragon
   802 | D        | Reached skill level 6 in Invocations
   802 | D        | Reached XP level 7. HP: 77/83 MP: 4/11
   814 | D        | Noticed an orc knight
   815 | D        | Reached skill level 10 in Fighting
   817 | D        | Reached skill level 7 in Invocations
   821 | D        | Killed an orc knight
   822 | D        | Reached skill level 10 in Maces & Flails
   822 | D        | Reached skill level 5 in Stealth
   822 | D        | Reached skill level 8 in Invocations
   822 | D        | Reached XP level 8. HP: 96/96 MP: 3/14
   914 | D        | Noticed a ynoxinul
   920 | D        | Killed a ynoxinul
   921 | D        | Reached skill level 9 in Invocations
   929 | D        | Noticed an eight-headed hydra
   946 | D        | Noticed a sun demon
   951 | D        | Reached XP level 9. HP: 105/105 MP: 16/16
   958 | D        | Killed a sun demon
   959 | D        | Reached skill level 10 in Invocations
  1300 | D        | Noticed a two-headed ogre
  1301 | D        | Noticed a deep troll
  1304 | D        | Noticed a spriggan rider
  1305 | D        | Killed a two-headed ogre
  1306 | D        | Reached skill level 12 in Invocations
  1306 | D        | Killed a hornet
  1308 | D        | Killed a deep troll
  1309 | D        | Reached skill level 13 in Invocations
  1309 | D        | Reached XP level 10. HP: 63/117 MP: 2/20
  1464 | D        | Noticed a death knight
  1474 | D        | Killed a death knight
  1475 | D        | Reached skill level 14 in Invocations
  1903 | D        | HP: 4/118 [five-headed hydra (11)]
  1903 | D        | Slain by a five-headed hydra

Illustrated notes

Levels and vault maps discovered:
D:        pitsprint [storerooms_1, entrance_room_1, metal_vault_6, armoury_2,
          mini_pit_1, grid_room_1, main_hall_1, silver_pit, the_coven_2,
          the_vestibule_1, steel_vault_4, golden_pit, hallway_of_sentries,
          crystal_vault_2, iron_vault_3, final_vault]

Skill      XL: |  1  2  3  4  5  6  7  8  9 10 |
---------------+-------------------------------+-----
Fighting       | 5 6 7 8 9 10 11 12 | 12.6
Maces & Flails | 3 4 5 7 8 10 11 13 | 13.4
Dodging        | 3 4 5 6 7 |  7.7
Stealth        | 2 3 4 5 6 |  6.5
Invocations    | 1 3 4 6 8 9 13 14 | 14.1

Action                   |  1- 3 |  4- 6 |  7- 9 | 10-12 || total
-------------------------+-------+-------+-------+-------++-------
Melee: Mace              |    42 |    23 |     4 |       ||    69
       Morningstar       |       |       |    23 |     6 ||    29
Invok: Slouch            |       |     1 |     7 |     2 ||    10
  Use: Potion            |       |     2 |     2 |     3 ||     7
 Stab: Sleeping          |     3 |       |     2 |       ||     5
Armor: Robe              |    10 |     2 |       |     1 ||    13
Dodge: Dodged            |    34 |    13 |    23 |    13 ||    83

Table legend: (Time is in decaauts)
 A = Elapsed time spent in this place.
 B = Non-inter-level travel time spent in this place.
 C = Inter-level travel time spent in this place.
 D = Time resting spent in this place.
 E = Time spent auto-exploring this place.
 F = Levels seen in this place.
 G = Mean time per level.
                   A        B        C        D        E       F      G
               +--------+--------+--------+--------+--------+-----+--------+
         Total |   2223 |   2011 |    212 |   1450 |      0 |   1 | 2223.0 |
       Dungeon |   2223 |   2011 |    212 |   1450 |      0 |   1 | 2223.0 |
               +--------+--------+--------+--------+--------+-----+--------+

Top non-repeatable levels by time:
       D: 2223 daAuts
